Cogmind - Beta 15 @@@ ROGUE MODE // 2025.09.27 @ 08:29:23 Player: beans Result: Destroyed by X-72 Disruptor with Improved Arc Projector Performance ------------- Evolutions (4) 2000 Regions Visited (9) 1800 Robots Destroyed (149) 745 Value Destroyed (4532) 4532 Prototype IDs (28) 560 Alien Tech Used (0) 0 Bonus (1171) 1171 TOTAL SCORE: 10808 Bonus ------- High Alert Combat Kills 164 Follower Combat Kills 7 Entered Garrisons 200 Used RIF Installer 500 Aligned with FarCom 300 Cogmind --------- Core Integrity 0/850 Matter 198/300 Energy 590/800 System Corruption 3% Temperature Cool (0) Movement Core (200) Ox3 Location -6/Factory Parts ------- > --- POWER (1) -------- Hybrid Deuterium Engine > --- PROPULSION (2) --- Flexi-carbon Leg > --- UTILITY (8) ------ Advanced Signal Interpreter Target Analyzer Graphene Brace > --- WEAPON (4) ------- Power Sword > --- INVENTORY (5) ---- Force Field Authchip [R/Combat] Authchip [R/Combat] Relay Coupler [Hunter] (11) Peak State ------------ > --- POWER ------------ Enhanced Nuclear Core > --- PROPULSION ------- Flexi-carbon Leg > --- UTILITY ---------- Improved Heat Sink Active Sensor Suite Terrain Scanner Core Analyzer Graphene Brace Hacking Suite > --- WEAPON ----------- Heavy Beamcaster Heavy Flak Cannon Remote Datajack > --- INVENTORY -------- Rocket Array Rocket Array [Rating: 71] Favorites ----------- Power Micro Nuclear Core Engine Light Ion Engine Power Core Micro Nuclear Core Propulsion Light Treads Treads Light Treads Leg Aluminum Leg Flight Unit Cesium-ion Thruster Utility Terrain Scanner Device Terrain Scanner Processor Core Analyzer Hackware Hacking Suite Weapon Shotgun Energy Gun Heavy Beamcaster Energy Cannon Heavy Ion Cannon Ballistic Gun Shotgun Ballistic Cannon Gauss Cannon Launcher Rocket Array Special Weapon Remote Datajack Slashing Weapon Power Sword Build | -11 -10 -10 -10 -9 -8 -7 -6 -6 -6 ------- Run | Yrd Mat Min Exi Min Mat Fac Fac Gar Fac Slots Evolved 8 | . . . . . 4 2 2 . . Power . | . . . . . . . . . . Propulsion . | . . . . . . . . . . Utility 6 | . . . . . 2 2 2 . . Weapon 2 | . . . . . 2 . . . . Parts Attached 59 | 2 4 2 . . 18 11 2 5 15 Power 5 | . . 1 . . 2 1 . . 1 Engine 3 | . . 1 . . 1 . . . 1 Core 2 | . . . . . 1 1 . . . Reactor . | . . . . . . . . . . Propulsion 12 | 2 . . . . 5 1 . 2 2 Treads 7 | 2 . . . . 4 1 . . . Leg 4 | . . . . . 1 . . 1 2 Wheel . | . . . . . . . . . . Hover . | . . . . . . . . . . Flight 1 | . . . . . . . . 1 . Utility 21 | . . 1 . . 3 5 1 2 9 Device 16 | . . 1 . . 2 4 1 2 6 Storage . | . . . . . . . . . . Processor 3 | . . . . . . 1 . . 2 Hackware 2 | . . . . . 1 . . . 1 Protection . | . . . . . . . . . . Artifact . | . . . . . . . . . . Weapon 21 | . 4 . . . 8 4 1 1 3 Energy Gun 2 | . . . . . . . . 1 1 Energy Cannon 3 | . . . . . 2 . . . 1 Ballistic Gun 5 | . 4 . . . 1 . . . . Ballistic Cannon 7 | . . . . . 5 1 1 . . Launcher 2 | . . . . . . 2 . . . Special Weapon 1 | . . . . . . 1 . . . Impact Weapon . | . . . . . . . . . . Slashing Weapon 1 | . . . . . . . . . 1 Piercing Weapon . | . . . . . . . . . . Special Melee Weapon . | . . . . . . . . . . Unidentified Prototypes 5 | . 1 . . . . 4 . . . Parts Lost 36 | . . . . . 11 7 . 9 9 Power 1 | . . . . . 1 . . . . Propulsion 6 | . . . . . 2 . . 2 2 Utility 10 | . . . . . 2 1 . 3 4 Weapon 19 | . . . . . 6 6 . 4 3 Highest Loss Streak 6 | . . . . . 4 2 . 5 6 To Critical Strikes 1 | . . . . . 1 . . . . Average Backups 3 | . . 2 3 4 4 4 2 2 4 Power . | . . . . . . . . . . Propulsion . | . . . . . . . . . . Utility 1 | . . . . 1 1 . . . 3 Weapon 2 | . . 2 3 3 2 2 1 1 . Tool/Special . | . . . . . . . . . . Unused Backups 7 | . . . 1 . 1 . . 1 4 Power . | . . . . . . . . . . Propulsion . | . . . . . . . . . . Utility 6 | . . . 1 . . . . 1 4 Weapon 1 | . . . . . 1 . . . . Tool/Special . | . . . . . . . . . . Average Slot Usage (%) 61 | . 36 70 85 85 62 69 71 43 43 Engine 3 | . . 5 14 14 2 . . . 4 Core 3 | . . . . . 4 7 6 2 . Treads 14 | . 28 28 28 28 9 15 13 4 . Device 12 | . . 7 14 14 8 14 24 16 14 Processor 2 | . . . . . . 3 6 4 8 Hackware 3 | . . . . . 1 7 6 4 5 Energy Cannon 3 | . . . . . 2 11 . . 1 Ballistic Gun 9 | . 8 28 28 28 13 . . . . Ballistic Cannon 5 | . . . . . 16 7 1 1 . Peak Build Rating 71 | 2 7 15 16 16 31 61 67 71 63 Average Rating 28 | 1 2 10 15 16 21 38 65 38 38 On Entrance 21 | . 2 7 15 16 16 24 57 67 11 Naked Turns 4 | . . . . . . . . 4 . Heaviest Build 48 | . 6 13 13 13 36 48 26 31 39 Greatest Support 48 | 40 40 40 40 40 40 48 48 48 35 Greatest Overweight (x) 11 | . . . . . 8 1 . 8 11 Average Overweight (x) . | . . . . . . . . . 1 Largest Inventory Capacity 5 | 5 5 5 5 5 5 5 5 5 5 Average Capacity 5 | 5 5 5 5 5 5 5 5 5 5 Most Carried 5 | 2 2 4 4 4 5 5 4 5 5 Average Carried 3 | . . 2 3 4 4 4 2 2 4 Final Capacity 5 | 5 5 5 5 5 5 5 5 5 5 Final Carried 5 | . 2 3 4 4 5 3 2 4 4 Class Distribution -------------------- 35% | Skirmisher 33% | Mutant 15% | Scavenger-Skirmisher 15% | Scrapper Dominant Class ---------------- Mutant | -10/Materials Scrapper | -10/Mines Scrapper | -10/Exiles Scrapper | -9/Mines Skirmisher | -8/Materials Skirmisher | -7/Factory Scavenger-Skirmisher | -6/Factory Mutant | -6/Garrison Mutant | -6/Factory Resources | -11 -10 -10 -10 -9 -8 -7 -6 -6 -6 ----------- Run | Yrd Mat Min Exi Min Mat Fac Fac Gar Fac Matter Collected 3524 | 128 . 411 . 72 1063 917 . 305 628 Remotely . | . . . . . . . . . . Salvage Created 4183 | . . 303 . 143 1018 1345 . 456 918 Parts 267 | . . 29 . 8 78 62 . 28 62 Haulers Intercepted 4 | . . . . . 1 3 . . . Recyclers Shooed 3 | . . . . . 1 1 . . 1 Parts Field Recycled . | . . . . . . . . . . Retrieved Matter . | . . . . . . . . . . Parts Self-Destructed . | . . . . . . . . . . Prevented . | . . . . . . . . . . Kills | -11 -10 -10 -10 -9 -8 -7 -6 -6 -6 ------- Run | Yrd Mat Min Exi Min Mat Fac Fac Gar Fac Combat Hostiles Destroyed 104 | . . 12 . 3 29 21 . 19 20 Melee 1 | . . . . . . . . . 1 Guns 30 | . . 12 . 3 14 . . 1 . Cannons 35 | . . . . . 15 14 . 5 1 AOE 37 | . . . . . . 6 . 13 18 Classes Destroyed 18 | . . 6 . . 8 2 . 1 1 Worker 11 | . . 3 . . 4 1 . . 3 Builder 13 | . . 2 . 1 4 2 . . 4 Tunneler 4 | . . 1 . . . 2 . . 1 Hauler 4 | . . . . . 1 3 . . . Recycler 9 | . . . . . 1 6 . . 2 Mechanic 2 | . . . . . . . . . 2 Operator 4 | . . . . . 2 1 . . 1 Watcher 1 | . . . . . 1 . . . . Swarmer 26 | . . 7 . . 10 . . . 9 Saboteur 4 | . . . . . . . . 4 . Grunt 40 | . . 2 . 3 9 14 . 9 3 Brawler 4 | . . . . . 1 1 . . 2 Duelist 4 | . . . . . 1 . . . 3 Sentry 13 | . . . . . 7 1 . 5 . Hunter 2 | . . . . . 1 . . . 1 Programmer 7 | . . . . . . 4 . 1 2 Heavy 1 | . . . . . . 1 . . . Assembled 3 | . . 3 . . . . . . . Best Kill Streak 25 | . . 5 . 4 13 6 . 5 25 Combat Bots Only 15 | . . 5 . 3 6 3 . 5 15 Max Kills in Single Turn 7 | . . 2 . 1 3 2 . 3 7 Gunslinging 2 | . . . . . 2 . . . . Exploded 4 | . . . . . . 2 . 3 4 Melee 1 | . . . . . . . . . 1 Uniques/NPCs Destroyed . | . . . . . . . . . . Combat | -11 -10 -10 -10 -9 -8 -7 -6 -6 -6 -------- Run | Yrd Mat Min Exi Min Mat Fac Fac Gar Fac Hostile Shots Fired 699 | . . 44 . 12 242 109 . 213 79 Missed 242 | . . 13 . 5 63 39 . 93 29 Hits 457 | . . 31 . 7 179 70 . 120 50 Melee 9 | . . 1 . . . . . 3 5 Projectile 448 | . . 30 . 7 179 70 . 117 45 Critical Strikes 12 | . . . . . 4 1 . 2 5 Actively Blocked 6 | . . . . . . . . 1 5 Part Disruptions 3 | . . . . . . . . . 3 Damage Taken 6289 | . . 331 . 100 2224 1242 . 1351 1041 Core 1317 | . . 88 . 32 219 120 . 484 374 Absorbed by Shields 28 | . . . . . . . . 28 . Regen/Repaired (Parts) 48 | . . 25 . . 23 . . . . Core Remaining (%) 73 | 100 . . . 52 60 82 . . . Volleys Fired 257 | . 2 31 . 9 97 73 . 27 18 Largest 4 | . 1 2 . 2 4 4 . 2 1 Hottest 210 | . 20 46 . 46 160 210 . 125 85 Shots Fired 535 | . 2 62 . 18 262 136 . 37 18 Gun 208 | . 2 62 . 18 113 . . 11 2 Cannon 302 | . . . . . 149 132 . 15 6 Launcher 25 | . . . . . . 4 . 11 10 Special . | . . . . . . . . . . Kinetic 414 | . 2 62 . 18 246 71 . 15 . Thermal 96 | . . . . . 16 61 . 11 8 Explosive 25 | . . . . . . 4 . 11 10 Electromagnetic . | . . . . . . . . . . Robot Hit Streak 12 | . 2 6 . 4 11 12 . 11 4 Robot Miss Streak 17 | . . 6 . 3 17 4 . 8 4 Penetration Max 1 | . . . . . . 1 . . . Secondary Targets 3 | . . 1 . . 2 . . . . Max Gunslinging Chain 2 | . . 1 . . 2 . . . . Shots Hit Robots 306 | . 2 39 . 12 134 79 . 24 16 Core Hits 373 | . . 25 . 8 99 62 . 81 98 Critical Kills 2 | . . . . . 1 1 . . . Critical Parts Destroyed . | . . . . . . . . . . Critical Strikes 19 | . . . . . 7 10 . . 2 Meltdown 2 | . . . . . 1 1 . . . Blast 15 | . . . . . 6 9 . . . Sever 2 | . . . . . . . . . 2 Melee Attacks 8 | . . . . . . . . . 8 Impact . | . . . . . . . . . . Slashing 8 | . . . . . . . . . 8 Piercing . | . . . . . . . . . . Sneak Attacks 1 | . . . . . . . . . 1 Combat Hostiles . | . . . . . . . . . . Follow-up Attacks . | . . . . . . . . . . Damage Inflicted 11235 | . 27 552 . 188 2514 3220 . 1857 2877 Guns 1651 | . 24 552 . 188 751 . . 118 18 Cannons 4602 | . . . . . 1763 2421 . 282 136 Explosions 4732 | . . . . . . 799 . 1457 2476 Melee 246 | . . . . . . . . . 246 Ramming 4 | . 3 . . . . . . . 1 Kinetic 4720 | . 24 552 . 188 2242 1432 . 282 . Thermal 1715 | . . . . . 272 989 . 118 336 Explosive 4550 | . . . . . . 799 . 1457 2294 Electromagnetic . | . . . . . . . . . . Impact . | . . . . . . . . . . Slashing 246 | . . . . . . . . . 246 Piercing . | . . . . . . . . . . Highest Corruption 2 | . . . . . . . . 2 2 Average Corruption 1 | . . . . . . . . 1 1 Corruption Purged 1 | . . . . . . . . . 1 Corruption Blocked . | . . . . . . . . . . Effects 19 | . . . . . . . . 8 11 Message Errors 6 | . . . . . . . . 2 4 Matter Fused 4 | . . . . . . . . 2 2 Heat Flow Errors 1 | . . . . . . . . 1 . Energy Discharges 3 | . . . . . . . . 1 2 Data Loss (minor) 3 | . . . . . . . . 2 1 Data Loss (major) 1 | . . . . . . . . . 1 Alerts 1 | . . . . . . . . . 1 Overload Shots . | . . . . . . . . . . Overflow Damage 146 | . . . . . 43 67 . 13 23 Projectiles 78 | . . . . . 43 35 . . . Explosions 67 | . . . . . . 32 . 13 22 Melee 1 | . . . . . . . . . 1 Knockbacks 37 | . . . . . 28 9 . . . Impact . | . . . . . . . . . . Kinetic 37 | . . . . . 28 9 . . . Secondary . | . . . . . . . . . . Self-Inflicted Damage 254 | . . . . . . 45 . 183 26 Shots 14 | . . . . . . 3 . 9 2 Rammed 1 | . 1 . . . . . . . . Targets Rammed 2 | . 1 . . . . . . . 1 Kicked 1 | . . . . . . . . . 1 Crushed . | . . . . . . . . . . Highest Temperature 528 | . . 5 . 4 406 528 . 159 48 Average Temperature 110 | . . 5 . 3 133 110 . 20 22 Received Heat Transfer 1674 | . . 99 . 57 711 468 . 288 51 Effects 7 | . . . . . 3 4 . . . Shutdowns 3 | . . . . . 2 1 . . . Energy Bleed 1 | . . . . . . 1 . . . Interference 1 | . . . . . . 1 . . . Damage (minor) 2 | . . . . . 1 1 . . . Siege Activations . | . . . . . . . . . . Martial Activations . | . . . . . . . . . . Shielding Activations . | . . . . . . . . . . Robots Disrupted . | . . . . . . . . . . Combat Hostiles . | . . . . . . . . . . Robots Corrupted . | . . . . . . . . . . Combat Hostiles . | . . . . . . . . . . Parts Fried . | . . . . . . . . . . Impact Corruptions . | . . . . . . . . . . Robots Melted 2 | . . . . . 1 1 . . . Combat Hostiles 1 | . . . . . . 1 . . . Parts Melted 5 | . . . . . 3 1 . . 1 Heat Transferred 2135 | . . . . . 370 1295 . 185 285 Parts Sabotaged 8 | . . . . . . . . 8 . Parts Stolen . | . . . . . . . . . . Parts Stripped . | . . . . . . . . . . Power Chain Reactions . | . . . . . . . . . . Alert | -11 -10 -10 -10 -9 -8 -7 -6 -6 -6 ------- Run | Yrd Mat Min Exi Min Mat Fac Fac Gar Fac Maximum Alert Level 3 | . . . . . 1 1 . 2 3 Low Security (%) 62 | 100 100 100 . 100 21 63 100 23 76 Level 1 30 | . . . . . 78 36 . 30 11 Level 2 6 | . . . . . . . . 45 6 Level 3 . | . . . . . . . . . 5 Level 4 . | . . . . . . . . . . Level 5 . | . . . . . . . . . . High Security . | . . . . . . . . . . Max Security . | . . . . . . . . . . Peak Influence 741 | . 4 112 . 70 352 366 176 448 741 Initial 235 | . . . . . 23 128 176 33 235 Average 153 | . . 18 . 29 241 154 109 317 131 Influence Increases 3355 | . 4 274 . 75 864 768 12 525 833 Destroy 0b10 Robot/C 2040 | . . 200 . 60 580 420 . 380 400 Destroy 0b10 Robot/NC 240 | . . 30 . 5 65 75 . . 65 Destroy Leader 380 | . . 40 . 10 144 116 . . 70 Allied During Kill 4 | . . 4 . . . . . . . Successful Hack 22 | . 4 . . . . . 12 6 . Disable Machine 150 | . . . . . 30 90 . . 30 Anti-Garrison Action 150 | . . . . . . . . . 150 Destroy Structure 309 | . . . . . 45 52 . 94 118 Partial Spotted 30 | . . . . . . 15 . 15 . Lose Combat Pursuer 30 | . . . . . . . . 30 . Influence Decreases 2674 | . 4 207 67 15 642 690 324 125 600 Entered New Map 670 | . . . 67 . 37 154 184 15 213 Time Decay 1634 | . 4 207 . 15 495 466 140 . 307 Lost Part 350 | . . . . . 110 70 . 90 80 Lost Ally 20 | . . . . . . . . 20 . Squads Dispatched 23 | . . . . . 8 9 . . 6 Investigation . | . . . . . . . . . . Extermination 6 | . . . . . . 4 . . 2 Reinforcement 9 | . . . . . 3 5 . . 1 Assault 2 | . . . . . . . . . 2 Garrison 6 | . . . . . 5 . . . 1 Intercept . | . . . . . . . . . . Searches Triggered . | . . . . . . . . . . Construction Impeded 3 | . . . . . 1 1 . . 1 Haulers Reinforced . | . . . . . . . . . . Active Scanning Responses 1 | . . . . . . . . 1 . Cargo Convoy Interrupts 2 | . . . . . . 1 . . 1 Stealth | -11 -10 -10 -10 -9 -8 -7 -6 -6 -6 --------- Run | Yrd Mat Min Exi Min Mat Fac Fac Gar Fac Distress Signals 7 | . . 1 . . 3 3 . . . Communications Jammed . | . . . . . . . . . . Distress Signals . | . . . . . . . . . . Times Spotted 170 | . 2 13 . 3 59 32 . 27 34 Peak Tracking Total 11 | . 2 3 . 3 6 5 . 9 11 Tactical Retreats 1 | . . . . . . . . 1 . Traps | -11 -10 -10 -10 -9 -8 -7 -6 -6 -6 ------- Run | Yrd Mat Min Exi Min Mat Fac Fac Gar Fac Traps Triggered 4 | . . . . . . 2 . 1 1 Indirectly . | . . . . . . . . . . Trap Hack Attempts . | . . . . . . . . . . Triggered . | . . . . . . . . . . Disarmed . | . . . . . . . . . . Reprogrammed . | . . . . . . . . . . Reused . | . . . . . . . . . . Traps Extracted . | . . . . . . . . . . Installed . | . . . . . . . . . . Triggered . | . . . . . . . . . . Machines | -11 -10 -10 -10 -9 -8 -7 -6 -6 -6 ---------- Run | Yrd Mat Min Exi Min Mat Fac Fac Gar Fac Machines Disabled 11 | . . . . . 2 6 . . 3 Max in Single Turn 3 | . . . . . 1 1 . . 3 Garrison Access 2 | . . . . . . 1 . . 1 Machines Repaired . | . . . . . . . . . . Machines Dismantled . | . . . . . . . . . . Machines Sabotaged . | . . . . . . . . . . Overloaded Fab Kills . | . . . . . . . . . . Hacking | -11 -10 -10 -10 -9 -8 -7 -6 -6 -6 --------- Run | Yrd Mat Min Exi Min Mat Fac Fac Gar Fac Machines Accessed 8 | . 1 . 1 . . 3 1 1 1 Terminals 3 | . 1 . . . . 1 . 1 . Fabricators 2 | . . . . . . 1 . . 1 Repair Stations . | . . . . . . . . . . Recycling Units . | . . . . . . . . . . Scanalyzers . | . . . . . . . . . . Garrison Access 2 | . . . . . . 1 1 . . Total Hacks 16 | . 2 . 1 . . 7 1 3 2 Successful 6 | . 1 . 1 . . 2 1 1 . Failed 10 | . 1 . . . . 5 . 2 2 Catastrophic . | . . . . . . . . . . Database Lockouts . | . . . . . . . . . . Manual 4 | . . . 1 . . 3 . . . Terminals 8 | . 2 . . . . 3 . 3 . Fabricators 5 | . . . . . . 3 . . 2 Repair Stations . | . . . . . . . . . . Recycling Units . | . . . . . . . . . . Scanalyzers . | . . . . . . . . . . Garrison Access 2 | . . . . . . 1 1 . . Terminal Hacks 3 | . 1 . 1 . . . . 1 . Robot Analysis 1 | . 1 . . . . . . . . Open Door 1 | . . . . . . . . 1 . Proto ID Catalog 1 | . . . 1 . . . . . . Fabricator Hacks 1 | . . . . . . 1 . . . Build 1 | . . . . . . 1 . . . Repair Station Hacks . | . . . . . . . . . . Recycling Unit Hacks . | . . . . . . . . . . Scanalyzer . | . . . . . . . . . . Garrison Access Hacks 2 | . . . . . . 1 1 . . Unlock Access 1 | . . . . . . . 1 . . Seal Access 1 | . . . . . . 1 . . . Unauthorized Hacks . | . . . . . . . . . . Terminals . | . . . . . . . . . . Fabricators . | . . . . . . . . . . Repair Stations . | . . . . . . . . . . Recycling Units . | . . . . . . . . . . Scanalyzers . | . . . . . . . . . . Garrison Access . | . . . . . . . . . . Data Cores Recovered 2 | . . . . . 1 1 . . . Used 1 | . . . . . . 1 . . . Hacking Detections 5 | . 1 . . . . 1 1 1 1 Full Trace Events . | . . . . . . . . . . Feedback Events . | . . . . . . . . . . Feedback Blocked . | . . . . . . . . . . Robot Schematics Acquired . | . . . . . . . . . . Robots Built . | . . . . . . . . . . Authchips . | . . . . . . . . . . Time 134 | . . . . . . 134 . . . Total Robot Build Rating . | . . . . . . . . . . Part Schematics Acquired . | . . . . . . . . . . Parts Built . | . . . . . . . . . . Authchips . | . . . . . . . . . . Time . | . . . . . . . . . . Total Part Build Rating . | . . . . . . . . . . Parts Repaired . | . . . . . . . . . . Time . | . . . . . . . . . . Parts Recycled . | . . . . . . . . . . Recycled Matter . | . . . . . . . . . . Retrieved Matter . | . . . . . . . . . . Retrieved Components . | . . . . . . . . . . Parts Scanalyzed . | . . . . . . . . . . Part Schematics Acquired . | . . . . . . . . . . Parts Damaged . | . . . . . . . . . . Bothacking | -11 -10 -10 -10 -9 -8 -7 -6 -6 -6 ------------ Run | Yrd Mat Min Exi Min Mat Fac Fac Gar Fac Used RIF Installer 1 | . . . . . . . . 1 . Robots Hacked . | . . . . . . . . . . Non-combat . | . . . . . . . . . . Combat . | . . . . . . . . . . Robot Hacks Applied . | . . . . . . . . . . Relay Couplers Released 3 | . . . . . . . . . 3 Machine Destruction 3 | . . . . . . . . . 3 Fabnet Peak Effective % . | . . . . . . . . . . Robots Rewired . | . . . . . . . . . . Allies Hacked . | . . . . . . . . . . Hacks Repelled . | . . . . . . . . . . Allies | -11 -10 -10 -10 -9 -8 -7 -6 -6 -6 -------- Run | Yrd Mat Min Exi Min Mat Fac Fac Gar Fac Total Allies 2 | . . 1 . . . . . 1 . Largest Group 1 | . . 1 1 . . . . 1 . Highest-Rated Group 46 | . . 31 31 . . . . 46 . Highest-Rated Ally 46 | . . 31 31 . . . . 46 . Total Orders . | . . . . . . . . . . Ally Attacks 5 | . . 2 . . . . . 3 . Total Damage 99 | . . 22 . . . . . 77 . Kills 1 | . . 1 . . . . . . . Allies Corrupted . | . . . . . . . . . . Allies Melted . | . . . . . . . . . . Intel | -11 -10 -10 -10 -9 -8 -7 -6 -6 -6 ------- Run | Yrd Mat Min Exi Min Mat Fac Fac Gar Fac Active Infowar (turns) 3348 | . . . . . 475 2168 283 422 . A.S.S. 1049 | . . . . . . 344 283 422 . Terrain 3334 | . . . . . 475 2168 283 408 . Cloaking 73 | . . . . . . 73 . . . Robot Analysis Total 1 | . 1 . . . . . . . . Derelict Logs Recovered . | . . . . . . . . . . Drone Launches . | . . . . . . . . . . Drone Recoveries . | . . . . . . . . . . Exploration | -11 -10 -10 -10 -9 -8 -7 -6 -6 -6 ------------- Run | Yrd Mat Min Exi Min Mat Fac Fac Gar Fac Turns Passed 8237 | 34 247 1374 503 55 1490 2168 283 865 1218 Spaces Moved 4012 | 28 145 785 308 18 569 763 122 536 738 Core 445 | 12 . . . . 23 . . 185 225 Treads 2682 | 16 145 785 308 18 373 763 122 152 . Legs 318 | . . . . . 173 . . 30 115 Wheels . | . . . . . . . . . . Hover . | . . . . . . . . . . Flight 567 | . . . . . . . . 169 398 Fastest Speed 35 | 50 160 160 160 160 160 165 165 35 35 Average Speed 155 | 112 160 160 160 160 194 187 165 98 127 Slowest Speed 600 | 160 160 160 160 160 450 250 165 450 600 Overloaded Moves . | . . . . . . . . . . Propulsion Burnouts . | . . . . . . . . . . Robots Hopped 1 | . . . . . . . . . 1 Potential Cave-ins 2 | . . . . . . . . 2 . Cave-ins Triggered . | . . . . . . . . . . Exploration Rate (%) 33 | 4 34 98 71 8 38 24 2 46 14 Regions Visited 9 Branch Regions 3 Pre-discovered Areas . | . . . . . . . . . . Known Exits Taken 2 | . . . . . . 1 1 . . Unknown Exits Taken 6 | 1 1 1 1 1 1 . . . . Scrap Searched 1 | . . 1 . . . . . . . Spaces Dug 3 | . . . . . 2 1 . . . Terrain Destroyed 424 | . . . . . 46 85 . 131 162 Melee . | . . . . . . . . . . Projectile 62 | . . . . . 46 14 . . 2 AOE 362 | . . . . . . 71 . 131 160 Terrain Rammed . | . . . . . . . . . . Walls Destroyed . | . . . . . . . . . . Machines Disabled . | . . . . . . . . . . Actions | -11 -10 -10 -10 -9 -8 -7 -6 -6 -6 --------- Run | Yrd Mat Min Exi Min Mat Fac Fac Gar Fac Total 5493 | 31 157 841 319 26 751 1366 202 822 978 Wait 1061 | . . 20 9 . 50 498 75 223 186 Move 4001 | 27 144 784 307 17 568 762 122 534 736 Hop 1 | . . . . . . . . . 1 Pick Up 45 | 2 5 3 2 . 5 10 1 11 6 Fast Attach 26 | . . . . . 13 2 . . 11 Attach 38 | 2 2 2 . . 3 11 2 10 6 Detach 5 | . . . . . 1 1 . 2 1 Swap 16 | . 2 1 . . 6 4 2 1 . Drop 20 | . 1 . 1 . 8 5 . 1 4 Fire 257 | . 2 31 . 9 97 73 . 27 18 Melee 8 | . . . . . . . . . 8 Ram . | . . . . . . . . . . Kick 1 | . . . . . . . . . 1 Crush 1 | . 1 . . . . . . . . Escape Stasis 13 | . . . . . . . . 13 . Rewire . | . . . . . . . . . . Trap . | . . . . . . . . . . Miscellaneous . | . . . . . . . . . . Route ------- -11/Scrapyard -10/Materials -10/Mines (discovered 4 exits: [*Mat x2] / *Exi / [*Sub]) -10/Exiles -9/Mines -8/Materials -7/Factory (discovered 2 exits: *Fac / [*Low]) -6/Factory -6/Garrison -6/Factory History --------- Turn | Location | Event 4 | -11/Scrapyard | Discovered new exit (range 15) 35 | -11/Scrapyard | Entered Materials 230 | -10/Materials | Discovered new exit (range 8) 282 | -10/Materials | Entered Mines 304 | -10/Mines | Met a Derelict bent on vengeance 309 | -10/Mines | Build established: Mutant 370 | -10/Mines | Assembled infested the area 466 | -10/Mines | Found a Scrap Suit stashed away for nefarious purposes 469 | -10/Mines | Found Scrap Suit 814 | -10/Mines | Discovered new exit (range 6) 866 | -10/Mines | Discovered new exit (range 14) 915 | -10/Mines | Discovered new exit (range 12) 1239 | -10/Mines | Build established: Scrapper 1517 | -10/Mines | Found DCF Scrap (13 items) 1555 | -10/Mines | Received a Mining Laser from a helpful Derelict 1646 | -10/Mines | Deemed a non-threat by the Exiles lab entrance 1646 | -10/Mines | Discovered new exit (range 5) 1656 | -10/Mines | Entered Exiles 1656 | -10/Exiles | Accompanied by 1 ally 1705 | -10/Exiles | Met 8R-AWN 1733 | -10/Exiles | Met EX-HEX 1782 | -10/Exiles | Met EX-BIN 1801 | -10/Exiles | Aligned with FarCom system 1803 | -10/Exiles | Given EX-Vault access code 1843 | -10/Exiles | Opened EX-Vault 1856 | -10/Exiles | Found Supersonic Drone Bay 1864 | -10/Exiles | Found Cloak of Protection 1897 | -10/Exiles | Warned to stay clear of 0b10 Research branches 1946 | -10/Exiles | Met EX-DEC 2048 | -10/Exiles | Visited The Gauntlet 2143 | -10/Exiles | Discovered new exit (range 12) 2159 | -10/Exiles | Left Exiles lab with Cloak of Protection 2159 | -10/Exiles | Entered Mines 2198 | -9/Mines | Discovered new exit (range 8) 2214 | -9/Mines | Entered Materials 2214 | -8/Materials | Evolved 4 slots: Utility x2, Weapon x2 2483 | -8/Materials | Garrison activated, responded to threat 2516 | -8/Materials | Build established: Skirmisher 2631 | -8/Materials | Garrison activated, responded to threat 2636 | -8/Materials | Lost 4 parts (1p2n1w) 2746 | -8/Materials | Garrison activated, responded to threat 2807 | -8/Materials | Lost 4 parts (1u3w) 3699 | -8/Materials | Discovered new exit (range 4) 3704 | -8/Materials | Entered Factory 3704 | -7/Factory | Evolved 2 slots: Utility x2 5019 | -7/Factory | Discovered new exit (range 10) 5095 | -7/Factory | Cargo convoy interrupted 5251 | -7/Factory | Found Prototype Launcher 5252 | -7/Factory | Identified Rocket Array 5258 | -7/Factory | Found Rocket Array 5416 | -7/Factory | Allied Derelicts emerged from ambush trap array 5526 | -7/Factory | Found Prototype Device 5528 | -7/Factory | Identified Active Sensor Suite 5588 | -7/Factory | Build established: Scavenger-Skirmisher 5810 | -7/Factory | Discovered new exit (range 15) 5870 | -7/Factory | Identified exit to Factory 5872 | -7/Factory | Entered another Factory area 5872 | -6/Factory | Evolved 2 slots: Utility x2 6155 | -6/Factory | Identified exit to Garrison 6155 | -6/Factory | Entered Garrison 6446 | -6/Garrison | Rescued a captive Derelict 6608 | -6/Garrison | Lost 5 parts (2u3w) 6662 | -6/Garrison | Installed Relay Interface Framework 6857 | -6/Garrison | Build established: Mutant 7000 | -6/Garrison | Core integrity fell below 50% 7013 | -6/Garrison | Discovered new exit (range 10) 7020 | -6/Garrison | Entered Factory 7451 | -6/Factory | Found Launcher Loader 7664 | -6/Factory | Found Launcher Loader 8042 | -6/Factory | Garrison activated, responded to threat 8109 | -6/Factory | Core integrity fell below 20% 8187 | -6/Factory | Destroyed 15 combat bots 8228 | -6/Factory | Cargo convoy interrupted 8238 | -6/Factory | Destroyed by X-72 Disruptor with Improved Arc Projector Last Messages --------------- 08228_ R-10 Processor collects Lgt. Nuclear Core. 08228_ Slug penetrates Wall. 08228_ Penetrated by Slug. 08228_ Rocket Array destroyed. 08231_ Kicked R-10 Processor. 08231_ Carbon-fiber Leg destroyed. 08232_ U-05 Engineer lays Concrete. 08232_ Penetrated by Slug. 08232_ Imp. Hacking Suite destroyed. 08233_ Slug penetrates Wall. 08233_ Slug penetrates X-72 Disruptor. 08233_ Penetrated by Slug. 08233_ U-05 Engineer builds a Wall. 08233_ Adv. Heat Sink destroyed. 08234_ Phase Cannon destroyed. 08235_ R-10 Processor collects Carbon-fiber Leg. 08236_ Slug penetrates Wall. 08236_ Launcher Loader destroyed. 08238_ U-05 Engineer lays Concrete. Map ----- +----------------------------------------------------+ | ?????????????????????????????????????? | | ????????????????????? ?????????????? | | "?????????????????????? #????????????? | | "?????????????????????? #????????????? | | "????????????????????]# #????????????? | | ####### "????????????? # #????????????? | | #?????? ???????????????"" """ + #?? ????????? | | #???????????????????????" """ # #? ""??? ??? | | #??????????? ???????? """ # #?""""" ??? | | #?????????? #???????? ?# # """"" ?? | | #??????????" #??####### ### # ??? | | #??????????" #??# + ] ???? | | #?#####+#### #??# # ?????? | | #?# ## #??#""" ########????? | | #+#?# ## #??#""F # ???? | | # ### ## #??#"" # """""??????? | | # # """ ## #??#""" """""??????? | | + """ ## #??#""" # """""""????? | | # # """ ## #??# # """"""" #??? | | # # ## ########## # #??? | | # ####+##### # ## #??? | | ## # # #??? | | #######;###### # # ######??? | | + ### ### ##???????? | | ## %# ###????????? | | # @ # #??????????? | | ###+####### # u# T # #????????? | | #?????????### # % "" #????????? | | #??????????### ; R #????????? | | #????????????# ; ! % #????????? | | #????????????# ; xA ##????????? | | #????????????####;;# x x #????????? | | """ #????????????? # ??????? | | """ #??????????? ! i # """?????? | | """ #??????????# + ""??????? | | """ #??????????# R xh # ""??????? | | ##?????????# x #?? ????????? | | +?????????# # ???????????? | | ##?????????########## ##h ??????????? | | #???????????????????# #?ih ?????????? | | #??????????????????? ?%%" ???????????? | | #??????????????????? ??" ?????????????? | | ? #??????????????????? ?? ???????????????? | | ? #??????????????????? ??????????????????? | | ?? ?????????????????????????????????????????? | | ??" ???????????????????????????????????????? | | ??? ??????????????????????????????????????? | | ??? ######?????????????????????????????????????? | | ???? #??????????????????????????????????????????? | | ????###??????????????????????????????????????????? | +----------------------------------------------------+ Best States ------------- Heat Dissipation 67 Energy Generation 17 Energy Capacity 800 Matter Stores 300 Matter Capacity 300 Sight Range 16 Robot Scan Range 20 Terrain Scan Range 14 Terrain Scan Density 10 Cloak Strength 5 Phase Shifting 5 Evasion (%) 68 Target Analysis 5 Core Analysis 6 Recoil Reduction 2 Offensive Hacking 12 Authchip Count 2 Item Schematics ----------------- None Robot Schematics ------------------ None Fabricated ------------ Nothing Repaired ---------- Nothing Alien Tech Used ----------------- None Achievements -------------- None Challenges ------------ None Game ------ Seed PlexusElectrostormBroadsword Manual? 0 Play Time 00:40:43 Cumulative 161.3 hours Start 2025.09.27 @ 07:47:02 End 2025.09.27 @ 08:29:23 Sessions 1 Manual Loads 0 Difficulty Rogue Special Mode None Game No. 520 Rogue 519 Adventurer 1 Explorer 0 Win Type - Total 0 Types 0/0/0/0/0/0/0/0/0/0 Lore% 57 Gallery% 54 Achievement% 43 Wizard Run 0 Options --------- Layout 1 ASCII 0 Keyboard 0 Movement Mouse Keybinds 0 Fullscreen 2 Font 24/Smallcaps Map View 50x35 Zoom Use 0% Tactical HUD 1 Map Filters NONE Filters NONE Steam 1 RUN: 12d4abfe-6bbd-44ad-92a9-d011dd98b92a